Description

пук-пук

Replay - Finals_Map_1_3

Build Order

Get SALT Encoding   

  12  0:00  Probe  
  13  0:12  Probe  
  14  0:16  Pylon  
  14  0:25  Probe (Chrono Boost)  
  15  0:37  Gateway, Probe (Chrono Boost)  
  16  0:43  Probe (Chrono Boost)  
  16  0:45  Assimilator  
  17  0:51  Probe  
  18  1:03  Probe (Chrono Boost)  
  19  1:12  Probe (Chrono Boost)  
  19  1:17  Probe (Chrono Boost)  
  20  1:24  Cybernetics Core  
  21  1:32  Nexus  
  21  1:39  Pylon  
  21  1:43  Assimilator  
  21  1:46  Probe  
  22  2:00  Adept (Chrono Boost)  
  25  2:01  Warp Gate  
  26  2:20  Twilight Council  
  26  2:27  Stalker  
  30  2:50  Blink (Chrono Boost)  
  33  3:03  Gateway  
  36  3:12  Robotics Facility  
  36  3:25  Assimilator  
  38  3:31  Pylon  
  39  3:38  Assimilator  
  43  3:50  Pylon, Sentry  
  45  4:00  Robotics Bay  
  45  4:01  Observer  
  48  4:07  Stalker  
  50  4:15  Pylon  
  52  4:20  Stalker  
  56  4:26  Immortal (Chrono Boost)  
  56  4:46  Stalker x2  
  62  5:01  Colossus (Chrono Boost)  
  70  5:08  Observer  
  70  5:09  Sentry x2  
  70  5:13  Observer  
  74  5:23  Nexus, Extended Thermal Lance  
  76  5:41  Forge  
  78  5:45  Colossus (Chrono Boost)  
  86  5:50  Stalker x2  
  92  6:06  Gateway x2  
  90  6:14  Sentry  
  90  6:18  Gateway  
  92  6:23  Shield Battery, Observer  
  92  6:26  Stalker  
  92  6:32  Shield Battery  
  94  6:34  Colossus (Chrono Boost)  
  100  6:41  Protoss Ground Weapons Level 1  
  102  6:47  Stalker  
  102  6:52  Zealot  
  85  7:17  Zealot  
  85  7:19  Colossus (Chrono Boost)  
  78  7:24  Stalker  
  78  7:44  Zealot x2  
  68  8:09  Zealot x2  
  68  8:17  Immortal (Chrono Boost)  
  60  8:21  Observer  
  64  8:30  Zealot x4  
  66  9:05  Observer  
  73  9:20  Colossus (Chrono Boost)  
  75  9:29  Sentry  
  77  9:45  Nexus  
  77  9:48  Sentry x2  
Spawning Tool Build Advisor. Get it on Overwolf

Go to:

Details

  • Created by: tryhardedgelord
  • Published on: Nov 19, 2020
  • Modified on: Nov 19, 2020
  • Patch: 4.11.0
  • Difficulty: Medium
Show
View Real Time Build Order
Export as new Build Order

Comments (0)

There are no comments. Be the first!

Create an account to comment!